 Dungeon Crawl Stone Soup version 0.30.0-5-g1a98f26d00 (webtiles) character file.

Game seed: 8444054221257800958

2826 Woods the Thaumaturge (level 9, -1/45 HPs)
             Began as a Deep Elf Conjurer on May 10, 2023.
             Was a Follower of Kikubaaqudgha.
             Shot with an arrow by a centaur (12 damage)
             ... on level 7 of the Dungeon.
             The game lasted 00:21:54 (6678 turns).

Woods the Thaumaturge (Deep Elf Conjurer)           Turns: 6678, Time: 00:21:54

Health: -1/45      AC:  3    Str:  4    XL:     9   Next: 45%
Magic:  2/25       EV: 13    Int: 28    God:    Kikubaaqudgha [*.....]
Gold:   328        SH:  0    Dex: 13    Spells: 10/28 levels left

rFire   . . .        y - +3 spear (freeze)
rCold   . . .        (no shield)
rNeg    . . .        a - +0 robe
rPois   .            (no helmet)
rElec   .            q - scarf {repulsion}
rCorr   .            (no gloves)
SInv    +            h - +0 pair of boots
Will    .....        f - amulet of magic regeneration
Stlth   +++          o - ring of see invisible
HPRegen 0.27/turn    (no ring)
MPRegen 0.59/turn

%: repel missiles
@: no status effects
A: no striking features
a: Renounce Religion, Unearth Wretches


You were on level 7 of the Dungeon.
You worshipped Kikubaaqudgha.
Kikubaaqudgha was aware of your devotion.
You visited 2 branches of the dungeon, and saw 8 of its levels.

You collected 328 gold pieces.

Inventory:

Hand Weapons
 y - a +3 spear of freezing (weapon)
Armour
 a - a +0 robe (worn)
 h - a +0 pair of boots (worn)
 q - a scarf of repulsion (worn)
Jewellery
 f - an amulet of magic regeneration (around neck)
 o - a ring of see invisible (left hand)
 p - a ring of fire
Wands
 r - a wand of paralysis (13)
 w - a wand of polymorph (5)
Scrolls
 d - 2 scrolls of poison
 e - 4 scrolls of teleportation
 g - a scroll of torment
 i - 2 scrolls of vulnerability
 j - 4 scrolls of magic mapping
 k - a scroll of summoning
 m - a scroll of fog {unknown}
 x - a scroll of amnesia {unknown}
 A - 3 scrolls of fear {unknown}
 C - a scroll of identify
Potions
 b - 2 potions of magic
 c - 7 potions of curing
 l - a potion of ambrosia {unknown}
 n - 3 potions of resistance
 s - 2 potions of brilliance
 t - a potion of haste
 u - a potion of heal wounds {unknown}
 v - a potion of mutation {unknown}
 z - a potion of flight {unknown}
 B - a potion of might {unknown}


   Skills:
 - Level 5.0 Dodging
 - Level 5.0 Stealth
 - Level 10.0 Spellcasting
 + Level 9.5 Conjurations
 - Level 7.0 Necromancy


You had 10 spell levels left.
You knew the following spells:

 Your Spells              Type           Power      Damage    Failure   Level
a - Magic Dart            Conj           100%       1d8       1%          1
b - Searing Ray           Conj           100%       2d8       1%          2
c - Dazzling Flash        Conj/Hex       80%        N/A       1%          3
d - Fulminant Prism       Conj/Hex       20%        3d12      5%          4
e - Iskenderun's Mystic   Conj/Tloc      40%        2d9       5%          4
f - Animate Dead          Necr           52%        N/A       2%          4

Your spell library contained the following spells:

 Spells                   Type           Power      Damage    Failure   Level
 Necrotise                Necr           100%       1d9       1%          1
 Momentum Strike          Conj/Tloc      80%        3d10      1%          2
 Vampiric Draining        Necr           52%        2d9       1%          3
 Cigotuvi's Dreadful Rot  Necr/Pois/Air  54%        N/A       2%          2
 Flame Wave               Conj/Fire      40%        2d11      5%          4
 Lesser Beckoning         Tloc           28%        N/A       6%          2
 Scorch                   Fire           28%        2d6       6%          2
 Arcjolt                  Conj/Air       20%        1d30      16%         5
 Airstrike                Air            7%         2d(1-17)  36%         4
 Summon Cactus Giant      Summ           7%         N/A       99%         6


Dungeon Overview and Level Annotations

Branches:
Dungeon (7/15)             Temple (1/1) D:5

Altars:
Ashenzari
Cheibriados
Dithmenos
Elyvilon
Fedhas
Gozag
Hepliaklqana
Kikubaaqudgha
Nemelex Xobeh
Okawaru
Qazlal
Sif Muna
Trog
Uskayaw
Wu Jian
Xom
Zin
The Shining One

Annotations:
D:3 Sigmund
D:5 2 transporters, superbruh's ghost, novice DsHu
D:6 Joseph


Message History

The mystic blast hits the orc!
You kill the orc!
Kikubaaqudgha accepts your kill.
You hear a shout!
An orc priest comes into view. It is wielding a +0 hand axe.
Unknown command.
Casting: Iskenderun's Mystic Blast (dangerous; 5% risk of failure)
Confirm with . or Enter, or press ? or * to list all spells.
You erupt in a blast of force!
The mystic blast hits the scorpion.
The scorpion is lightly wounded.
The scorpion is knocked back by the mystic blast.
The mystic blast hits the orc wizard!
The orc wizard is severely wounded.
The orc wizard is knocked back by the mystic blast.
You hear a shout!
Unknown command.
The orc priest looks satisfied for a moment.
The orc attacks as you move away! The orc hits you with a +0 hand axe.
* * * LOW HITPOINT WARNING * * *
Your surroundings suddenly seem different.
Found 4 stones and 11 gold pieces.
The centaur shoots an arrow.
The arrow closely misses you.
The centaur shoots an arrow.
The arrow barely misses you.
Unknown command.
Unknown command.
Unknown command.
Casting: Iskenderun's Mystic Blast (dangerous; 5% risk of failure)
Confirm with . or Enter, or press ? or * to list all spells.
You can't see any susceptible monsters within range! (Use Z to cast anyway.) Unknown command.
Casting: Iskenderun's Mystic Blast (dangerous; 5% risk of failure)
Confirm with . or Enter, or press ? or * to list all spells.
You don't have enough magic to cast this spell.
Unknown command.
Press: ? - help, v - describe, . - travel
Here: a centaur, wielding a +0 shortbow The floor.
The centaur shoots an arrow.
The arrow hits you!
You die...
Kikubaaqudgha rasps: "You have failed me!
Welcome... death!"

### ..# #######.###
..$.......#####
..............#
.......@.......
...............
..............(
.c.............
................#..
.......!...........
..#...............#
######.??.......#.#
#.............


You could see a centaur.

Vanquished Creatures
  A two-headed ogre (D:6)
  Duvessa (D:7)
  A water moccasin (D:6)
  3 ice beasts (D:6)
  A black bear (D:4)
  3 ogres (D:6)
  3 phantoms
  2 kobold brigands (D:6)
  A bullfrog (D:6)
  A gnoll sergeant (D:6)
  A scorpion (D:6)
  Dowan (D:7)
  6 killer bees (D:6)
  5 hounds
  A jelly (D:6)
  A sleepcap (D:7)
  Terence (D:3)
  3 iguanas
  3 orc wizards
  3 gnolls (D:6)
  7 adders
  A shadow imp (D:6)
  A white imp (D:6)
  2 ufetubi
  A worm (D:4)
  5 dart slugs
  11 orcs
  5 endoplasms
  2 giant cockroaches
  5 goblins
  5 hobgoblins
  4 jackals
  3 quokkas
  12 ball pythons
  3 bats
  A frilled lizard (D:3)
  13 kobolds
  3 rats
126 creatures vanquished.

Vanquished Creatures (others)
  An orc (D:7)
  11 fulminant prisms
12 creatures vanquished.

Grand Total: 138 creatures vanquished

Notes
Turn   | Place    | Note
-------+----------+-------------------------------------------
     0 | D:1      | Woods the Deep Elf Conjurer began the quest for the Orb.
     0 | D:1      | Reached XP level 1. HP: 10/10 MP: 6/6
   168 | D:1      | Reached XP level 2. HP: 15/15 MP: 4/8
   490 | D:1      | You fall into a shaft and drop 1 floor!
   978 | D:2      | Reached XP level 3. HP: 19/19 MP: 6/10
   987 | D:2      | Learned a level 2 spell: Searing Ray
   991 | D:2      | Learned a level 3 spell: Dazzling Flash
  1554 | D:3      | Noticed Sigmund
  1715 | D:3      | Got the Codex of Elsewhere and Ceraunoscopy
  1749 | D:3      | Noticed Terence
  1756 | D:3      | Killed Terence
  1757 | D:3      | Reached XP level 4. HP: 24/24 MP: 6/11
  2044 | D:3      | Reached skill level 4 in Spellcasting
  2044 | D:3      | Reached skill level 5 in Conjurations
  2363 | D:4      | Noticed a phantom
  2420 | D:4      | Noticed a black bear
  2425 | D:4      | Killed a black bear
  2426 | D:4      | Reached XP level 5. HP: 13/28 MP: 8/14
  2619 | D:4      | Found an ancient bone altar of Kikubaaqudgha.
  2626 | D:4      | Became a worshipper of Kikubaaqudgha
  3095 | D:4      | Killed a phantom
  3096 | D:4      | Reached skill level 5 in Spellcasting
  3096 | D:4      | Reached XP level 6. HP: 32/32 MP: 9/15
  3993 | D:5      | Entered Level 5 of the Dungeon
  3998 | D:5      | Found a transporter.
  3998 | D:5      | Noticed superbruh's ghost (novice DsHu)
  4062 | D:5      | Reached skill level 5 in Stealth
  4115 | D:5      | Found a staircase to the Ecumenical Temple.
  4130 | Temple   | Entered the Ecumenical Temple
  4267 | D:5      | Reached skill level 5 in Dodging
  4383 | D:5      | Found a transporter.
  4657 | D:6      | Noticed a two-headed ogre
  4681 | D:6      | Noticed a water moccasin
  4687 | D:6      | Killed a water moccasin
  4688 | D:6      | Reached skill level 6 in Spellcasting
  4688 | D:6      | Reached XP level 7. HP: 36/36 MP: 11/18
  4891 | D:6      | Reached skill level 7 in Spellcasting
  4891 | D:6      | Reached skill level 1 in Necromancy
  4962 | D:6      | Reached XP level 8. HP: 41/41 MP: 18/21
  4996 | D:6      | Learned a level 4 spell: Fulminant Prism
  5001 | D:6      | Learned a level 4 spell: Iskenderun's Mystic Blast
  5006 | D:6      | Reached * piety under Kikubaaqudgha
  5006 | D:6      | Received a gift from Kikubaaqudgha
  5091 | D:6      | Found a snail-covered altar of Cheibriados.
  5293 | D:6      | Reached skill level 8 in Spellcasting
  5358 | D:6      | Reached skill level 5 in Necromancy
  5462 | D:6      | Found a glowing golden altar of the Shining One.
  5951 | D:6      | Learned a level 4 spell: Animate Dead
  5956 | D:7      | Noticed Duvessa
  5959 | D:7      | Reached XP level 9. HP: 45/45 MP: 10/23
  5962 | D:7      | Noticed Joseph
  5962 | D:7      | Noticed Dowan
  6148 | D:7      | Noticed a cyclops
  6226 | D:7      | Killed Dowan
  6562 | D:6      | Killed a two-headed ogre
  6563 | D:6      | Reached skill level 10 in Spellcasting
  6674 | D:7      | Killed Duvessa
  6678 | D:7      | Shot with an arrow by a centaur

Illustrated notes

Levels and vault maps discovered:
D:1:      minmay_arrival_hallway, layout_loops_cross
D:2:      layout_loops_cross, minivault_19
D:3:      layout_loops_ring, uniq_terence, uniq_sigmund
D:4:      layout_layer_cave, mainiacjoe_overflow_six_doors_small
D:5:      layout_cave_pools, minmay_temple_entry_purple_smoke,
          gammafunk_ghost_stat_death
D:6:      wad_river_or_something, layout_basic, tso_oasis_becter,
          kennysheep_slug_shrine, minmay_misc_feat_nine_boxes
D:7:      layout_rooms, kb_rosetta, uniq_menkaure, uniq_duvessa, uniq_joseph
Temple:   nicolae_temple_superstar

Skill      XL: |  1  2  3  4  5  6  7  8  9 |
---------------+----------------------------+-----
Stealth        | 3 4 5 |  5.0
Dodging        | 3 4 5 |  5.0
Spellcasting   | 4 5 6 7 8 10 | 10.0
Conjurations   | 5 6 7 8 9 |  9.5
Necromancy     | 2 6 7 |  7.0

Action                     |  1- 3 |  4- 6 |  7- 9 || total
---------------------------+-------+-------+-------++-------
  Melee: Spear             |       |       |     4 ||     4
   Cast: Magic Dart        |    69 |    58 |    41 ||   168
         Searing Ray       |     1 |    23 |    37 ||    61
         Fulminant Prism   |       |       |    11 ||    11
         Iskenderun's Myst |       |       |     6 ||     6
         Animate Dead      |       |       |     1 ||     1
         Dazzling Flash    |       |       |     1 ||     1
    Use: Scroll            |       |     9 |     4 ||    13
         Potion            |       |       |     1 ||     1
 Armour: Robe              |     5 |     5 |     6 ||    16
  Dodge: Dodged            |     9 |    28 |    60 ||    97
         Repelled          |       |       |     1 ||     1
